[Event "DSIM-Finale"]
[Site "T#645894Emanuel Laske"]
[Date "2020.05.09"]
[Round "11"]
[White "Ilja Schneider"]
[Black "Rasmus Svane"]
[Result "0-1"]
[WhiteElo "1620"]
[BlackElo "1620"]
[Annotator "NA RC"]
[PlyCount "74"]
[EventDate "2020.05.09"]
[EventType "tourn (blitz)"]
[TimeControl "180+2"]

1. d4 d5 2. c4 e6 3. Nf3 Nf6 4. e3 b6 5. b3 Bb7 6. Bb2 Bd6 7. Bd3 O-O 8. O-O Nbd7 9. Nc3 a6 10. Rc1 Qe7 11. Na4 dxc4 12. bxc4 Ne4 13. c5 bxc5 14. Qc2 f5 15. Ne5 cxd4 16. exd4 Rac8 17. f3 Nef6 18. Nc5 Nxe5 19. dxe5 Bxc5+ 20. Qxc5 Qxc5+ 21. Rxc5 Nd5 22. Ba3 Rfd8 23. Rb1 Nb6 24. Bc2 Kf7 25. Bb3 Bd5 26. Rbc1 Bxb3 27. axb3 Nd5 28. Rc6 Rb8 29. Rxa6 Rxb3 30. Ra7 Kg6 31. Rc6 Re8 32. h3 Re3 33. Kf2 Rd3 34. Kg3 Rd2 35. h4 f4+ 36. Kh3 Kf5 37. Bc1 Rd1 {[%emt 0:00:03] Ilja Schneider gibt auf (Lag: Av=0.38s, max=1.0s)} 0-1